 Dungeon Crawl Stone Soup version 0.28-a0-172-g787e458d71 (webtiles) character file.

Game seed: 10038065258762094369

418 omnomnOMINOUS the Conjurer (level 6, -2/41 HPs)
             Began as an Octopode Hedge Wizard on Aug 16, 2021.
             Was a Believer of Ru.
             Slain by an adder (3 damage)
             ... on level 5 of the Dungeon.
             The game lasted 00:07:00 (1491 turns).

omnomnOMINOUS the Conjurer (Octopode Hedge Wizard)  Turns: 1491, Time: 00:07:01

Health: -2/41      AC:  1    Str:  9    XL:     6   Next: 93%
Magic:  12/12      EV: 14    Int: 18    God:    Ru [**....]
Gold:   27         SH:  0    Dex: 12    Spells: 7/13 levels left

rFire   . . .      SeeInvis .   b - +2 short sword (drain)
rCold   . . .      Faith    .   (no shield)
rNeg    . . .      Spirit   .   k - +0 hat
rPois   .          Reflect  .   h - amulet of regeneration
rElec   .          Harm     .   (no ring)
rCorr   .          Rampage  .   (no ring)
Will    .....                   (no ring)
Stlth   +++.......              (no ring)
HPRegen 1.13/turn               (no ring)
MPRegen 0.13/turn               (no ring)
                                (no ring)
                                (no ring)

@: mighty, lethally poisoned (-2 -> -2)
A: almost no armour, amphibious, 8 rings, camouflage 1, gelatinous body 1, hated
by all, (nimble swimmer 1), tentacles
a: Renounce Religion


You were on level 5 of the Dungeon.
You worshipped Ru.
Ru was pleased with you.
You visited 1 branch of the dungeon, and saw 4 of its levels.

You collected 27 gold pieces.

Inventory:

Hand Weapons
 a - a +0 spear
 b - a +2 short sword of draining (weapon)
 c - a +0 short sword
 q - a +0 dagger
Armour
 k - a +0 hat (worn)
Jewellery
 f - an amulet of the acrobat
 h - an amulet of regeneration (around mantle)
Scrolls
 g - a scroll of identify {unknown}
 i - a scroll of enchant armour {unknown}
 j - a scroll of magic mapping {unknown}
 l - 2 scrolls of amnesia {unknown}
 n - a scroll of holy word {unknown}
 p - a scroll of vulnerability {unknown}


   Skills:
 + Level 2.8 Fighting
 + Level 3.5 Dodging
 - Level 2.6 Stealth
 + Level 4.1 Spellcasting
 * Level 4.3 Conjurations
 - Level 1.0 Translocations


You had 7 spell levels left.
You knew the following spells:

 Your Spells              Type           Power      Damage    Failure   Level
a - Magic Dart            Conj           76%        1d6       2%          1
b - Blink                 Tloc           N/A        N/A       14%         2
c - Conjure Flame         Conj/Fire      11%        6-21      19%         3

Your spell library contained the following spells:

 Spells                   Type           Power      Damage    Failure   Level
 Slow                     Hex            3%         N/A       22%         2
 Mephitic Cloud           Conj/Pois/Air  8%         N/A       24%         3
 Call Imp                 Summ           Unusable   N/A       N/A         2

Dungeon Overview and Level Annotations

Branches:
Dungeon (3/15)

Altars:
Dithmenos
Ru

Shops:
D:2 :


Innate Abilities, Weirdness & Mutations

You cannot wear most types of armour.
You are amphibious.
You can wear up to eight rings at the same time.
Your skin changes colour to match your surroundings (Stealth+).
Your rubbery body absorbs attacks. (AC +1, EV +1)
You are hated by all.
((You are camouflaged near water. (Stealth+)))
You have tentacles for arms and can constrict up to eight enemies at once.


Message History

* * * LOW HITPOINT WARNING * * *
The adder hisses angrily.
You puncture the centaur warrior zombie!
You destroy the centaur warrior zombie!
Your Fighting skill increases to level 2!
Your Dodging skill increases to level 3!
Your Spellcasting skill increases to level 4!
Your Conjurations skill gained 2 levels and is now at level 4!
You have reached level 6!
Your experience leads to an increase in your attributes!
Increase (S)trength, (I)ntelligence, or (D)exterity?
You feel clever.
Casting: Conjure Flame (quite dangerous; 19% risk of failure)
Confirm with . or Enter, or press ? or * to list all spells.
You blink.
Casting: Blink (safe; 14% risk of failure)
Confirm with . or Enter, or press ? or * to list all spells.
Aiming: Magic Dart (safe; 2% risk of failure)
Press: ? - help, Shift-Dir - straight line, f - adder
Aim: an adder (100% to hit)
The magic dart hits the adder.
The adder is moderately wounded.
The adder misses you.
Unknown command.
You closely miss the adder. Your grab misses the adder.
The adder is moderately wounded.
The adder bites you.
* * * LOW HITPOINT WARNING * * *
The adder closely misses you.
You barely miss the adder. Your grab misses the adder.
The adder is moderately wounded.
The adder bites you.
* * * LOW HITPOINT WARNING * * *
You are poisoned.
The adder poisons you!
Unknown command.
It was a potion of magic.
Magic courses through your body.
* * * LOW HITPOINT WARNING * * *
You feel sick. The adder bites you.
You die...

## # . .###.
.... #.#.
#.... #
#..#.....? #.#
#..#...... ..
#.@#......
#.###..S......
#...).[.......
######)####.#.
#.### .#
#.#.##.#
#....#.#
#......#
#.......#


You could see an adder.

Vanquished Creatures
  A centaur zombie (D:5)
  A hound (D:5)
  An orc wizard (D:5)
  An adder (D:2)
  3 dart slugs
  2 orcs (D:5)
  An endoplasm (D:1)
  2 giant cockroaches (D:1)
  3 goblins
  6 hobgoblins
  6 jackals (D:1)
  A quokka (D:1)
  2 ball pythons (D:1)
  5 bats
  2 frilled lizards
  4 kobolds
  2 rats (D:1)
43 creatures vanquished.

Notes
Turn   | Place    | Note
-------+----------+-------------------------------------------
     0 | D:1      | omnomnOMINOUS the Octopode Hedge Wizard began the quest for
                  | the Orb.
     0 | D:1      | Reached XP level 1. HP: 11/11 MP: 4/4
   212 | D:1      | Reached XP level 2. HP: 15/18 MP: 6/6
   215 | D:1      | Learned a level 2 spell: Blink
   511 | D:1      | Reached XP level 3. HP: 22/22 MP: 2/7
   516 | D:1      | Learned a level 3 spell: Conjure Flame
   731 | D:1      | Reached skill level 1 in Fighting
   938 | D:2      | Found a shadowy altar of Dithmenos.
   938 | D:2      | Found a faded altar of an unknown god.
  1012 | D:2      | Became a worshipper of Ru the Awakened
  1031 | D:2      | Gained mutation: You are hated by all. [Ru sacrifice]
  1031 | D:2      | Reached * piety under Ru
  1031 | D:2      | Reached ** piety under Ru
  1089 | D:2      | Found Suycos Pie's Book Shop.
  1409 | D:3      | You fall into a shaft and drop 2 floors!
  1409 | D:5      | Entered Level 5 of the Dungeon
  1418 | D:5      | Noticed a centaur warrior zombie
  1423 | D:5      | Reached XP level 4. HP: 28/28 MP: 9/9
  1462 | D:5      | Reached XP level 5. HP: 33/34 MP: 8/10
  1486 | D:5      | Killed a centaur warrior zombie
  1487 | D:5      | Reached XP level 6. HP: 5/41 MP: 10/12
  1490 | D:5      | HP: 2/41 [adder (4)]
  1491 | D:5      | Slain by an adder

Illustrated notes

Levels and vault maps discovered:
D:1:      dpeg_arrival_orchard, layout_basic
D:2:      layout_rooms, serial_shops, shop_fountains, basic_altar,
          basic_ecumenical_altar
D:3:      layout_rooms, nicolae_hepliaklqana_hazy_memory
D:5:      minmay_diamond_boxcup, layout_loops_ring, minmay_temple_entry_fiery,
          gammafunk_ghost_smash, enter_ossuary_2

Skill      XL: |  1  2  3  4  5 |
---------------+----------------+-----
Fighting       | 1 2 |  2.8
Conjurations   | 2 4 |  4.3
Summonings     | 0 |  0.0
Dodging        | 3 |  3.5
Spellcasting   | 4 |  4.1
Stealth        | |  2.6
Translocations | |  1.0

Action                   |  1- 3 |  4- 6 || total
-------------------------+-------+-------++-------
Melee: Short sword       |    56 |    52 ||   108
       Constrict         |    16 |     2 ||    18
       Dagger            |     4 |       ||     4
       Tentacles         |    11 |     4 ||    15
       Spear             |     5 |       ||     5
 Cast: Magic Dart        |    22 |     1 ||    23
       Blink             |       |     2 ||     2
Invok: Sacrifice Love    |     1 |       ||     1
  Use: Potion            |       |     4 ||     4
 Stab: Sleeping          |    10 |       ||    10
Armor: Skin              |     3 |    42 ||    45
Dodge: Dodged            |    51 |    30 ||    81

Table legend: (Time is in decaauts)
 A = Elapsed time spent in this place.
 B = Non-inter-level travel time spent in this place.
 C = Inter-level travel time spent in this place.
 D = Time resting spent in this place.
 E = Time spent auto-exploring this place.
 F = Levels seen in this place.
 G = Mean time per level.
                   A        B        C        D        E       F      G
               +--------+--------+--------+--------+--------+-----+--------+
         Total |   1499 |   1491 |      8 |    209 |    856 |   4 |  374.8 |
       Dungeon |   1499 |   1491 |      8 |    209 |    856 |   4 |  374.8 |
               +--------+--------+--------+--------+--------+-----+--------+

Top non-repeatable levels by time:
     D:1: 941 daAuts
     D:2: 466 daAuts
     D:5: 87 daAuts
     D:3: 3 daAuts
